 Dungeon Crawl Stone Soup version 0.21.1-1-g345015f (webtiles) character file.

86 JeffiDaFish the Digger (level 4, 0/24 HPs)
             Began as a Gargoyle Earth Elementalist on Feb 13, 2018.
             Was an Initiate of Vehumet.
             Slain by an ogre
             ... wielding a +0 giant club
              (24 damage)
             ... on level 3 of the Dungeon.
             The game lasted 00:03:50 (2058 turns).

JeffiDaFish the Digger (GrEE)                       Turns: 2058, Time: 00:03:51

Health: 0/24       AC:  6    Str: 16    XL:     4   Next: 50%
Magic:  8/8        EV: 12    Int: 17    God:    Vehumet [......]
Gold:   188        SH:  0    Dex: 10    Spells: 5/9 levels left

rFire    . . .     SeeInvis .   l - +0 flail
rCold    . . .     Gourm    .   (no shield)
rNeg     + . .     Faith    .   c - +0 robe
rPois    ∞         Spirit   .   (no helmet)
rElec    +         Reflect  .   (no cloak)
rCorr    .         Harm     .   j - +0 pair of gloves
MR       .....                  (no boots)
Stlth    +.........             (no amulet)
HPRegen  0.08/turn              g - ring of loudness (curse)
MPRegen  0.11/turn              (no ring)

@: mighty
A: negative energy resistance 1, electricity resistance, unbreathing,
petrification resistance, rot immunity, AC +3
a: Renounce Religion


You were on level 3 of the Dungeon.
You worshipped Vehumet.
Vehumet was noncommittal.
You were not hungry.

You visited 2 branches of the dungeon, and saw 5 of its levels.

You collected 188 gold pieces.

Inventory:

Hand Weapons
 f - a +0 short sword
 l - a +0 flail (weapon)
Missiles
 b - 33 stones (quivered)
Armour
 c - a +0 robe (worn)
 j - a +0 pair of gloves (worn)
Jewellery
 g - a cursed ring of loudness (left hand)
Scrolls
 a - a scroll of magic mapping
 k - a scroll of teleportation
 m - 2 scrolls of identify
Potions
 h - a potion of magic
Books
 e - a book of Geomancy

   Spells                             Type                      Level
   a - Sandblast                      Earth                        1
   b - Passwall                       Transmutation/Earth          2
   c - Stone Arrow                    Conjuration/Earth            3
   d - Petrify                        Transmutation/Earth          4
   e - Lee's Rapid Deconstruction     Earth                        5
Comestibles
 d - 8 rations
 i - 5 chunks of flesh


   Skills:
 - Level 0.2 Fighting
 - Level 0.8 Short Blades
 - Level 1.7 Dodging
 - Level 2.2 Stealth
 + Level 3.0 Spellcasting
   Level 0.7 Transmutations
 + Level 5.0 Earth Magic


You had 5 spell levels left.
You knew the following spells:

 Your Spells              Type           Power        Failure   Level  Hunger
a - Sandblast             Erth           ###...       2%          1    None
b - Stone Arrow           Conj/Erth      ##....       19%         3    ###....


Dungeon Overview and Level Annotations

Branches:
Dungeon (4/15)             Temple (1/1) D:4

Altars:
Hepliaklqana
Nemelex Xobeh
Okawaru
Vehumet


Innate Abilities, Weirdness & Mutations

You are resistant to torment.
Your stone body is resilient. (AC +3)
You are immune to poison.
You resist negative energy. (rN+)
You are resistant to electric shocks. (rElec)
You can survive without breathing.
You are immune to petrification.
You are immune to rotting.


Message History

An orc comes into view. It is wielding a short sword.
The orc shouts!
It was a potion of might.
You feel very mighty all of a sudden.
You thump the orc!
You kill the orc!
Vehumet accepts your kill.
Your Spellcasting skill increases to level 3!
Things that are here:
a short sword; an orc corpse You butcher the orc corpse.
i - 9 chunks of flesh (gained 4)
You see here a short sword.
d - 8 rations (gained 1) Some of the chunks of flesh in your inventory have rotted away.
An ogre comes into view. It is wielding a giant club.
The ogre shouts!
The ogre hits you with a giant club!!
Ouch! That really hurt!
You die...

##########
......O@.#
########.#
#.##############
#..........##..
##########.##.#
#.##.###
#.......
####.### #.#


You could see an ogre.

Vanquished Creatures
  Terence (D:3)
  An adder (D:3)
  A howler monkey skeleton (D:4)
  5 dart slugs
  An orc (D:3)
  3 giant cockroaches
  A goblin (D:3)
  6 hobgoblins
  2 jackals (D:3)
  3 kobolds
  A quokka (D:3)
  2 bats
  3 frilled lizards
  2 rats
32 creatures vanquished.

Notes
Turn   | Place    | Note
-------+----------+-------------------------------------------
     0 | D:1      | JeffiDaFish the Gargoyle Earth Elementalist began the quest for the Orb.
     0 | D:1      | Reached XP level 1. HP: 10/10 MP: 3/3
   284 | D:1      | Reached skill level 4 in Earth Magic
   284 | D:1      | Reached XP level 2. HP: 15/15 MP: 3/5
   996 | D:2      | Reached XP level 3. HP: 19/19 MP: 6/6
  1009 | D:2      | Found a faded altar of an unknown god.
  1299 | D:2      | You fall through a shaft for 2 floors!
  1299 | D:4      | Found a staircase to the Ecumenical Temple.
  1305 | Temple   | Entered the Ecumenical Temple
  1418 | Temple   | Became a worshipper of Vehumet
  1439 | D:4      | Noticed a scorpion
  1484 | D:3      | Learned a level 3 spell: Stone Arrow
  1519 | D:3      | Noticed Terence
  1541 | D:3      | Killed Terence
  1541 | D:3      | Reached XP level 4. HP: 10/24 MP: 0/8
  1836 | D:3      | Reached skill level 5 in Earth Magic
  2057 | D:3      | Noticed an ogre
  2058 | D:3      | Slain by an ogre

Skill      XL: |  1  2  3  4 |
---------------+-------------+-----
Earth Magic    | 4 5 |  5.0
Spellcasting   | 3 |  3.0
Fighting       | |  0.2
Short Blades   | |  0.8
Dodging        | |  1.7
Stealth        | |  2.2
Transmutations | |  0.7

Action                   |  1- 3 |  4- 6 || total
-------------------------+-------+-------++-------
Melee: Short sword       |    40 |       ||    40
       Flail             |       |    15 ||    15
 Cast: Sandblast         |    29 |     6 ||    35
       Stone Arrow       |     1 |       ||     1
  Use: Scroll            |     3 |     1 ||     4
       Potion            |     1 |     2 ||     3
 Stab: Sleeping          |     1 |       ||     1
  Eat: Chunk             |     2 |     2 ||     4
Armor: Robe              |    21 |     8 ||    29
Dodge: Dodged            |    39 |    23 ||    62
